 Dungeon Sprint DCSS version 0.31-a0-940-gdaa99269f9 (webtiles) character file.

Game seed: 10225973394016636699

2047 sircluck the Grappler (level 9, -6/102 HPs)
             Began as a Troll Berserker on Oct 20, 2023.
             Was a High Priest of Trog.
             Mangled by a wolf (9 damage)
             ... in the Dungeon (Sprint VII: "The Pits").
             The game lasted 00:01:42 (572 turns).

sircluck the Grappler (Troll Berserker)              Turns: 572, Time: 00:01:43

Health: -6/102     AC:  4    Str: 31    XL:     9   Next: 4%
Magic:  8/8        EV: 12    Int:  3    God:    Trog [*****.]
Gold:   0          SH:  0    Dex:  9    Spells: 8/8 levels left

rFire   . .          .
                       - Unarmed
rCold   . . .        (no shield)
rNeg    . . .        a - +0 animal skin
rPois   .            (helmet restricted)
rElec   .            (no cloak)
rCorr   .            (gloves unavailable)
SInv    .            (boots unavailable)
Will    .....        (no amulet)
Stlth   +            (no ring)
HPRegen 1.17/turn    (no ring)
MPRegen 0.11/turn

%: no teleportation
@: lethally poisoned (-6 -> -6)
A: large, unfitting armour, claws 3, regeneration 1, shaggy fur 1, tough skin 1
a: Renounce Religion, Berserk, Trog's Hand, Brothers in Arms


You were in the Dungeon.
You worshipped Trog.
Trog was extremely pleased with you.
You visited 1 branch

Inventory:

Armour
 a - a +0 animal skin (worn)
Jewellery
 l - a +3 ring of intelligence
 p - a +3 ring of intelligence
Wands
 k - a wand of charming (15)
Scrolls
 g - a scroll of blinking
 i - 2 scrolls of vulnerability
 j - a scroll of summoning
Potions
 b - 8 potions of curing
 c - 7 potions of heal wounds
 d - a potion of haste
 e - 4 potions of magic
 f - 3 potions of berserk rage
 h - 2 potions of invisibility
 m - 3 potions of might
 n - a potion of resistance
 o - a potion of mutation


   Skills:
 + Level 10.4 Fighting
 + Level 10.3 Dodging
 + Level 12.2 Unarmed Combat


You had 8 spell levels left.
You didn't know any spells.
Your spell library was empty.

Dungeon Overview and Level Annotations

Branches:
Dungeon (1/1)

Altars:
Ashenzari
Cheibriados
Dithmenos
Elyvilon
Fedhas
Gozag
Hepliaklqana
Kikubaaqudgha
Makhleb
Nemelex Xobeh
Okawaru
Qazlal
Ru
Sif Muna
Trog
Uskayaw
Vehumet
Wu Jian
Xom
Yredelemnul
Zin
The Shining One
Jiyva
Lugonu


Innate Abilities, Weirdness & Mutations

You are too large for most types of armour.
You have claws for hands.
Your natural rate of healing is unusually fast.
You are covered in fur. (AC +1)
You have tough skin. (AC +1)


Message History

* * * LOW HITPOINT WARNING * * *
You feel very sick. The quokka completely misses your ogre.
Your ogre hits the snapping turtle with a +0 giant spiked club.
The snapping turtle barely misses your ogre.
A wolf comes into view.
Unknown command.
Unknown command.
Unknown command.
You feel very sick. The quokka barely misses your ogre.
Your ogre hits the snapping turtle with a +0 giant spiked club!!
The snapping turtle dies!
Trog accepts your kill. The quokka barely misses your ogre.
The wolf bites your ogre!
Your ogre hits the wolf with a +0 giant spiked club!!
The wolf dies!
Trog accepts your kill.
Your Unarmed Combat skill increases to level 12!
You have reached level 9!
Your experience leads to an increase in your attributes!
Increase (S)trength, (I)ntelligence, or (D)exterity?
You feel stronger. x3
There is a huge open gate to the Metal Vault (Medium) here.
Unknown command.
Unknown command.
Unknown command.
You feel sick. The wolf barely misses your ogre.
Your ogre hits the quokka with a +0 giant spiked club!
The quokka dies!
Trog accepts your kill. The wolf bites your ogre!
You feel sick. The wolf bites your ogre.
Your ogre barely misses the wolf.
Your ogre misses the wolf.
A shadow comes into view.
You feel yourself speed up.
You feel sick.
A wolf comes into view.
The wolf bites you!
You die...

_...###########++######
###'##................#
))'.##......#..#......#
###.##................+
....)'................+
'#####......#..#......#
....##................#
###'#####'#####''######
....##.......##'@#
....##.......##.h##
#'####.......##.O.##
....##...<...###†.†#
....##.......#
##W......
....##.......# .h###+##
######.......# .##
.#..########## ty
.#)########### .r


You could see a shadow, 2 wolves and a friendly ogre (summoned, berserk).

Vanquished Creatures
  An orc knight (D)
  An ice devil (D)
  Grinder (D)
  A fire bat (D)
  A redback (D)
  A floating eye (D)
  A centaur (D)
  2 necrophages (D)
  A scorpion (D)
  A quasit (D)
  An iguana (D)
  Ijyb (D)
  A gnoll (D)
  An adder (D)
  A worm (D)
  A ball python (D)
  A bat skeleton (D)
  An endoplasm (D)
  4 jackals (D)
  A bat (D)
  A jackal zombie (D)
  2 rats (D)
27 creatures vanquished.

Vanquished Creatures (collateral kills)
  A hornet (D)
  A snapping turtle (D)
  A wolf (D)
  A quokka (D)
4 creatures vanquished.

Grand Total: 31 creatures vanquished

Notes
Turn   | Place    | Note
-------+----------+-------------------------------------------
     0 | D        | sircluck the Troll Berserker began the quest for the Orb.
     0 | D        | Reached XP level 1. HP: 22/22 MP: 0/0
    14 | D        | Reached XP level 2. HP: 31/31 MP: 1/1
    37 | D        | Found a bloodstained altar of Trog.
    37 | D        | Found a shimmering blue altar of Sif Muna.
    37 | D        | Found a viscous altar of Jiyva.
    37 | D        | Found a hazy altar of Hepliaklqana.
    37 | D        | Found an opulent altar of Gozag.
    38 | D        | Found a glowing golden altar of the Shining One.
    38 | D        | Found a glowing silver altar of Zin.
    38 | D        | Found a basalt altar of Yredelemnul.
    38 | D        | Found a shimmering altar of Xom.
    38 | D        | Found an ornate altar of the Wu Jian Council.
    38 | D        | Found a sacrificial altar of Ru.
    38 | D        | Found a stormy altar of Qazlal.
    38 | D        | Found an iron altar of Okawaru.
    38 | D        | Found a sparkling altar of Nemelex Xobeh.
    38 | D        | Found a burning altar of Makhleb.
    38 | D        | Found a blossoming altar of Fedhas.
    38 | D        | Found a white marble altar of Elyvilon.
    38 | D        | Found a shadowy altar of Dithmenos.
    38 | D        | Found a snail-covered altar of Cheibriados.
    49 | D        | Reached ** piety under Trog
    50 | D        | Reached skill level 4 in Unarmed Combat
    64 | D        | Found a radiant altar of Vehumet.
    64 | D        | Found a corrupted altar of Lugonu.
    65 | D        | Found a hide-covered altar of Uskayaw.
    65 | D        | Found an ancient bone altar of Kikubaaqudgha.
    65 | D        | Found a broken altar of Ashenzari.
    88 | D        | Reached *** piety under Trog
    89 | D        | Noticed a floating eye
    93 | D        | Killed a floating eye
    94 | D        | Reached skill level 5 in Fighting
    94 | D        | Reached skill level 5 in Dodging
    94 | D        | Reached skill level 6 in Unarmed Combat
    94 | D        | Reached XP level 3. HP: 42/42 MP: 2/2
    94 | D        | Reached XP level 4. HP: 50/50 MP: 3/3
    98 | D        | Noticed a scorpion
   110 | D        | Killed a scorpion
   111 | D        | Reached XP level 5. HP: 26/59 MP: 4/4
   113 | D        | Reached **** piety under Trog
   190 | D        | Noticed a centaur
   201 | D        | HP: 2/59 [centaur (2)]
   205 | D        | Killed a centaur
   206 | D        | Reached skill level 7 in Unarmed Combat
   255 | D        | Reached ***** piety under Trog
   263 | D        | Reached skill level 8 in Unarmed Combat
   263 | D        | Reached XP level 6. HP: 65/68 MP: 5/5
   266 | D        | Noticed a fire bat
   269 | D        | Killed a fire bat
   270 | D        | Reached skill level 9 in Unarmed Combat
   314 | D        | Received a gift from Trog
   317 | D        | Noticed an orc knight
   325 | D        | Killed an orc knight
   326 | D        | Reached skill level 10 in Unarmed Combat
   326 | D        | Reached XP level 7. HP: 24/81 MP: 6/6
   379 | D        | Noticed Ijyb
   383 | D        | Killed Ijyb
   394 | D        | Reached XP level 8. HP: 86/92 MP: 7/7
   398 | D        | Noticed an ice devil
   404 | D        | Identified the +7 short sword of Duifom {heavy, rC+} (Trog
                  | gifted it to you in the Dungeon)
   404 | D        | Received a gift from Trog
   409 | D        | Killed an ice devil
   410 | D        | Reached skill level 11 in Unarmed Combat
   434 | D        | Noticed Grinder
   440 | D        | Paralysed by Grinder for 2 turns
   450 | D        | Paralysed by Grinder for 3 turns
   455 | D        | Killed Grinder
   474 | D        | Found the +8 arc blade {discharge, rElec}
   558 | D        | Noticed a hornet
   558 | D        | Noticed a snapping turtle
   561 | D        | Paralysed by a hornet for 3 turns
   566 | D        | HP: 1/93 [hornet (7)]
   566 | D        | Killed a hornet
   567 | D        | Reached skill level 10 in Fighting
   567 | D        | Reached skill level 10 in Dodging
   569 | D        | Killed a snapping turtle
   570 | D        | Reached skill level 12 in Unarmed Combat
   570 | D        | Reached XP level 9. HP: 3/102 MP: 8/8
   571 | D        | HP: 3/102 [poisoned by a hornet]
   572 | D        | Mangled by a wolf

Illustrated notes

Levels and vault maps discovered:
D:        pitsprint [storerooms_1, entrance_room_1, metal_vault_5, armoury_2,
          mini_pit_1, grid_room_1, main_hall_1, silver_pit, the_coven_2,
          the_vestibule_1, steel_vault_5, golden_pit, hallway_of_sentries,
          crystal_vault_4, iron_vault_1, final_vault]

Skill      XL: |  1  2  3  4  5  6  7  8 |
---------------+-------------------------+-----
Fighting       | 3 5 6 8 9 10 | 10.4
Dodging        | 3 5 6 8 10 | 10.3
Unarmed Combat | 6 8 10 12 | 12.2

Action                     |  1- 3 |  4- 6 |  7- 9 || total
---------------------------+-------+-------+-------++-------
  Melee: Unarmed           |    19 |    45 |    27 ||    91
         Punch             |       |     1 |       ||     1
 Invoke: Brothers in Arms  |       |       |     1 ||     1
    Use: Potion            |       |     1 |     2 ||     3
   Stab: Sleeping          |       |     1 |       ||     1
 Armour: Animal skin       |     9 |    47 |    24 ||    80
  Dodge: Dodged            |     8 |    31 |    12 ||    51

Table legend: (Time is in decaauts)
 A = Elapsed time spent in this place.
 B = Non-inter-level travel time spent in this place.
 C = Inter-level travel time spent in this place.
 D = Time resting spent in this place.
 E = Time spent auto-exploring this place.
 F = Levels seen in this place.
 G = Mean time per level.
                   A        B        C        D        E       F      G
               +--------+--------+--------+--------+--------+-----+--------+
         Total |    563 |    552 |     11 |     61 |    276 |   1 |  563.0 |
       Dungeon |    563 |    552 |     11 |     61 |    276 |   1 |  563.0 |
               +--------+--------+--------+--------+--------+-----+--------+

Top non-repeatable levels by time:
       D: 563 daAuts
